 Dungeon Crawl Stone Soup version 0.30-a0-739-gea05faddec (webtiles) character file.

Game seed: 5389683850837284790

5128 BRD the Fighter (level 10, -16/83 HPs)
             Began as a Demonspawn Fighter on Feb 4, 2023.
             Was an Elder of Okawaru.
             Demolished by an orc warrior
             ... wielding a +0 war axe
              (17 damage)
             ... in a bailey.
             The game lasted 00:16:50 (7699 turns).

BRD the Fighter (Demonspawn Fighter)                Turns: 7699, Time: 00:16:51

Health: -16/83     AC: 17    Str: 21    XL:     10   Next: 33%
Magic:  10/10      EV:  6    Int: 10    God:    Okawaru [****..]
Gold:   464        SH:  6    Dex: 12    Spells: 9/9 levels left

rFire   . . .      SeeInvis .    y - +2 hand axe (heavy)
rCold   . . .      Faith    .    (no shield)
rNeg    . . .      Spirit   .    h - +0 plate armour
rPois   .          Reflect  .    p - +2 helmet
rElec   .          Harm     .    (no cloak)
rCorr   .          Rampage  .    (no gloves)
Will    .....                    (no boots) Stlth
                                 (no amulet)
HPRegen 0.33/turn                w - ring of flight
MPRegen 0.12/turn                i - +4 ring of slaying

@: mighty, flying
A: hooves 1, large bone plates 2, powered by pain 2, demonic magic 1
a: Renounce Religion, Heroism, Finesse


You were in a bailey.
You worshipped Okawaru.
Okawaru was greatly pleased with you.
You visited 2 branches of the dungeon, and saw 10 of its levels.
You also visited: Bailey.

You collected 529 gold pieces.
You spent 65 gold pieces at shops.

Inventory:

Hand Weapons
 y - a +2 heavy hand axe (weapon)
 F - a +3 shortbow of electrocution
 J - a +0 war axe of flaming
Missiles
 f - 5 atropa-tipped darts (quivered)
 r - 3 throwing nets
Armour
 a - a +2 leather armour of poison resistance
 c - a +0 buckler
 h - a +0 plate armour (worn)
 p - a +2 helmet (worn)
 v - a +0 kite shield
Jewellery
 i - a +4 ring of slaying (right hand)
 l - a ring of resist corrosion
 w - a ring of flight (left hand)
 H - an amulet of faith
 M - an amulet of regeneration
Wands
 d - a wand of mindburst (17)
 G - a wand of quicksilver (16)
 K - a wand of roots (11)
Scrolls
 g - 3 scrolls of enchant weapon
 j - 3 scrolls of immolation
 q - a scroll of enchant armour
 s - a scroll of poison
 t - a scroll of blinking
 u - a scroll of teleportation
 x - 3 scrolls of magic mapping {unknown}
 z - 3 scrolls of summoning
 A - 2 scrolls of noise
 C - 3 scrolls of fear {unknown}
 L - a scroll of fog {unknown}
Potions
 b - a potion of berserk rage {unknown}
 k - 2 potions of cancellation
 m - a potion of haste {unknown}
 n - 5 potions of curing
 o - a potion of degeneration {unknown}
 B - a potion of mutation {unknown}
 E - a potion of ambrosia {unknown}
 I - 4 potions of invisibility {unknown}


   Skills:
 + Level 9.3 Fighting
 + Level 8.3 Axes
 + Level 8.5 Armour
 + Level 3.5 Shields


You had 9 spell levels left.
You didn't know any spells.
Your spell library contained the following spells:

 Spells                   Type           Power      Damage    Failure   Level
 Foxfire                  Conj/Fire      0%         2x1d4     100%        1
 Shock                    Conj/Air       0%         1d3       100%        1
 Ensorcelled Hibernation  Hex/Ice        0%         N/A       100%        2
 Passwall                 Tmut/Erth      0%         N/A       100%        2
 Frozen Ramparts          Ice            0%         1d1       100%        3
 Ozocubu's Armour         Ice            0%         N/A       100%        3
 Portal Projectile        Hex/Tloc       0%         N/A       100%        3
 Swiftness                Air            0%         N/A       100%        3
 Airstrike                Air            0%         2d(0-16)  100%        4
 Ice Form                 Ice/Tmut       0%         N/A       100%        4
 Blade Hands              Tmut           0%         N/A       100%        5
 Fireball                 Conj/Fire      0%         3d3       100%        5
 Iskenderun's Battlesphe  Conj           0%         2d6       100%        5
 Metabolic Englaciation   Hex/Ice        0%         N/A       100%        5
 Conjure Ball Lightning   Conj/Air       0%         3x3d6     100%        6
 Iron Shot                Conj/Erth      0%         9d1       100%        6
 Starburst                Conj/Fire      0%         6d3       100%        6
 Orb of Destruction       Conj           0%         9d5       100%        7
 Tukima's Dance           Hex            Unusable   N/A       N/A         3
 Animate Armour           Summ/Erth      Unusable   N/A       N/A         4
 Summon Ice Beast         Ice/Summ       Unusable   N/A       N/A         4
 Simulacrum               Ice/Necr       Unusable   N/A       N/A         6

Dungeon Overview and Level Annotations

Branches:
Dungeon (9/15)             Temple (1/1) D:4          Bailey (1/1)
   Lair: D:8-11         Orc: D:9-12

Altars:
Ashenzari
Cheibriados
Dithmenos
Fedhas
Gozag
Hepliaklqana
Makhleb
Nemelex Xobeh
Okawaru
Qazlal
Ru
Sif Muna
Trog
Uskayaw
Vehumet
Wu Jian
Xom
Yredelemnul

Shops:
D:3 ?


Innate Abilities, Weirdness & Mutations

You have large cloven feet.
You are mostly covered in large bone plates. (SH +6)
You sometimes gain power by taking damage.
Spells you cast may paralyse adjacent enemies.


Message History

The orc warrior barely misses you.
The orc warrior attacks as you move away!
The orc warrior hits you with a +0 war axe!
The orc warrior attacks as you move away!
The orc warrior hits you but does no damage.
You slash the orc warrior!
You kill the orc warrior!
Okawaru accepts your kill. The orc hits you but does no damage.
You hit the orc. You kick the orc.
You kill the orc!
Okawaru accepts your kill.
You feel much better.
The orc warrior hits you with a +0 war axe.
You block the orc knight's attack.
There is an open door, spattered with blood here.
Items here: )) [[ †.
You slash the orc knight! You kick the orc knight.
The orc knight is moderately wounded.
You hit the orc warrior.
The orc warrior hits you with a +0 war axe!!
* * * LOW HITPOINT WARNING * * *
You focus on the pain.
You feel mightier all of a sudden. You block the orc knight's attack.
You hit the orc knight. Your kick misses the orc knight.
The orc knight is moderately wounded.
You closely miss the orc warrior.
The orc warrior hits you with a +0 war axe!!
* * * LOW HITPOINT WARNING * * *
You block the orc knight's attack.
Okay, then.
Okay, then.
Aiming: Quicksilver Bolt
Press: ? - help, Shift-Dir - straight line, f - orc knight
Aim: an orc knight, wielding a +0 broad axe and wearing a +0 ring mail (moderately wounded, 64% to hit)
The bolt of dispelling energy hits the orc knight!!
The orc knight is heavily wounded.
The orc warrior hits you with a +0 war axe!
You die...

# # #8........!! #
#8.........? #
+.....⌠....∩ #
8.........? #
........!? ## ###
.......?# .###
###.###o)...#
...### ###.....#@#
.....###........o##
......#...........#
......#...........#
⌠.....#))...⌠.....#
......))).........#
......#)).........#
.....###.........##
...### ###.....###


You could see an orc knight and an orc warrior (strong).

Vanquished Creatures
  A two-headed ogre (D:7)
  Pikel (D:7)
  A steam dragon (D:7)
  An acid dragon (D:9)
  2 water moccasins (D:7)
  3 sky beasts
  Duvessa (D:4)
  6 orc warriors (Bailey)
  3 ogres
  4 centaurs
  2 lemures (D:7)
  A phantom (D:4)
  A gnoll sergeant (D:9)
  7 bullfrogs
  A necrophage (D:4)
  2 scorpions
  3 wights (D:8)
  Dowan (D:4)
  3 howler monkeys
  2 hounds
  A jelly (D:5)
  3 gnoll boudas
  5 orc priests
  Natasha (twice) (D:3)
  4 orc wizards
  29 gnolls
  13 adders
  A white imp (D:7)
  2 ufetubi
  5 dart slugs
  27 orcs
  7 ball pythons
  3 bats
  11 endoplasms
  2 giant cockroaches
  24 goblins
  5 hobgoblins
  A jackal (D:2)
  4 quokkas
  9 frilled lizards
  6 kobolds
  7 rats
217 creatures vanquished.

Notes
Turn   | Place    | Note
-------+----------+-------------------------------------------
     0 | D:1      | BRD the Demonspawn Fighter began the quest for the Orb.
     0 | D:1      | Reached XP level 1. HP: 18/18 MP: 1/1
   125 | D:1      | Gained mutation: You are partially covered in large bone
                  | plates. (SH +4) [demonic ancestry]
   125 | D:1      | Reached XP level 2. HP: 10/24 MP: 2/2
   658 | D:2      | Gained mutation: You are mostly covered in large bone
                  | plates. (SH +6) [demonic ancestry]
   658 | D:2      | Reached XP level 3. HP: 29/29 MP: 3/3
   747 | D:2      | Reached XP level 4. HP: 30/37 MP: 4/4
  1084 | D:2      | Found a broken altar of Ashenzari.
  1119 | D:2      | Reached skill level 4 in Fighting
  1437 | D:2      | Gained mutation: You sometimes gain a little power by
                  | taking damage. [demonic ancestry]
  1437 | D:2      | Reached XP level 5. HP: 42/42 MP: 5/5
  1802 | D:3      | Noticed Natasha
  1810 | D:3      | Killed Natasha
  2018 | D:3      | Gained mutation: You have large cloven feet. [demonic
                  | ancestry]
  2018 | D:3      | Reached XP level 6. HP: 31/49 MP: 6/6
  2278 | D:3      | Found a faded altar of an unknown god.
  2481 | D:3      | Found Dihiokuh's Magic Scroll Emporium.
  2489 | D:3      | Bought a scroll of identify for 26 gold pieces
  2489 | D:3      | Bought a scroll of teleportation for 39 gold pieces
  2506 | D:3      | Noticed Natasha
  2515 | D:3      | Killed Natasha
  2661 | D:4      | Noticed Duvessa
  2693 | D:4      | Noticed Dowan
  2693 | D:4      | Found a staircase to the Ecumenical Temple.
  2696 | D:4      | Killed Dowan
  2706 | D:4      | Killed Duvessa
  2707 | D:4      | Reached skill level 5 in Fighting
  2711 | D:4      | Gained mutation: You sometimes gain power by taking damage.
                  | [demonic ancestry]
  2711 | D:4      | Reached XP level 7. HP: 19/56 MP: 7/7
  2852 | Temple   | Entered the Ecumenical Temple
  2933 | Temple   | Became a worshipper of Warmaster Okawaru
  3287 | D:4      | Found a hazy altar of Hepliaklqana.
  3303 | D:4      | Reached skill level 5 in Armour
  3533 | D:5      | Entered Level 5 of the Dungeon
  3652 | D:5      | Found a stormy altar of Qazlal.
  3667 | D:5      | Reached skill level 5 in Axes
  3773 | D:5      | Reached * piety under Okawaru
  3780 | D:5      | Reached skill level 6 in Fighting
  4127 | D:5      | Gained mutation: Spells you cast may paralyse adjacent
                  | enemies. [demonic ancestry]
  4127 | D:5      | Reached XP level 8. HP: 59/64 MP: 8/8
  4328 | D:5      | You are sucked into a shaft and drop 3 floors!
  4719 | D:8      | Reached ** piety under Okawaru
  4720 | D:8      | Reached skill level 7 in Fighting
  4768 | D:6      | Found a bloodstained altar of Trog.
  4873 | D:6      | Found a shimmering blue altar of Sif Muna.
  4902 | D:6      | Reached XP level 9. HP: 72/72 MP: 9/9
  4970 | D:5      | Found a basalt altar of Yredelemnul.
  5726 | D:7      | Noticed a two-headed ogre
  5733 | D:7      | Killed a two-headed ogre
  5733 | D:7      | Reached *** piety under Okawaru
  5734 | D:7      | Reached skill level 8 in Fighting
  6058 | D:7      | Noticed Pikel
  6073 | D:7      | Killed Pikel
  6073 | D:7      | Reached **** piety under Okawaru
  6074 | D:7      | Reached XP level 10. HP: 64/82 MP: 10/10
  6157 | D:7      | Found a sacrificial altar of Ru.
  6159 | D:7      | Found a hide-covered altar of Uskayaw.
  6227 | D:7      | Reached skill level 9 in Fighting
  6517 | D:7      | Found Kacenenk's Magic Scroll Shoppe.
  6804 | D:8      | Found a shadowy altar of Dithmenos.
  7371 | D:9      | Found a broken altar of Ashenzari.
  7372 | D:9      | Found an opulent altar of Gozag.
  7372 | D:9      | Found a shimmering altar of Xom.
  7377 | D:9      | Found a blossoming altar of Fedhas.
  7542 | D:9      | Found a flagged portal.
  7549 | Bailey   | Entered a bailey
  7682 | Bailey   | Noticed an orc knight
  7698 | Bailey   | HP: 1/83 [orc warrior/+0 war axe (18)]
  7699 | Bailey   | Demolished by an orc warrior

Illustrated notes

Levels and vault maps discovered:
D:1:      roderic_octagonal_star, layout_rooms
D:2:      layout_basic, basic_altar, minivault_11, minmay_fractal_squares_5
D:3:      layout_loops_ring, ebering_ecumenical_altar_webs, serial_shops,
          nicolae_diamond_shop, minmay_starry_boxes, uniq_natasha
D:4:      layout_loops_cross, mainiacjoe_overflow_boulevard,
          minmay_temple_entry_mist, uniq_duvessa
D:5:      layout_gridville, lemuel_round_altar, lemuel_round_altar
D:6:      layout_gridville, mainiacjoe_overflow_chevrons,
          mainiacjoe_overflow_small_starburst
D:7:      layout_basic, jmf_multi_god_temple, serial_shops,
          nicolae_diamond_shop, uniq_pikel
D:8:      layout_loops_cross, grunt_dithmenos_smoke_and_mirrors
D:9:      layout_basic, minitemple, overflow_temple_1_default, enter_bailey_3,
          reono_crystal_passage
Temple:   nicolae_temple_cloud_nine
Bailey:   bailey_axe_minmay_hex_keep, bailey

Skill      XL: |  1  2  3  4  5  6  7  8  9 10 |
---------------+-------------------------------+-----
Axes           | 2 3 4 5 6 7 8 |  8.3
Armour         | 3 4 5 6 8 |  8.5
Fighting       | 4 5 6 7 8 9 |  9.3
Shields        | 3 |  3.5

Action                     |  1- 3 |  4- 6 |  7- 9 | 10-12 || total
---------------------------+-------+-------+-------+-------++-------
  Melee: War axe           |    60 |   137 |    40 |       ||   237
         Kick              |       |     7 |    53 |    24 ||    84
         Punch             |       |     2 |     1 |     1 ||     4
         Hand axe          |       |       |   175 |    88 ||   263
  Evoke: Wand              |       |       |     4 |     1 ||     5
    Use: Scroll            |       |     7 |     2 |     1 ||    10
         Potion            |       |     1 |     1 |     4 ||     6
 Armour: Scale mail        |    16 |       |       |       ||    16
         Plate armour      |    14 |    85 |   171 |    82 ||   352
  Dodge: Dodged            |    18 |    30 |    84 |    31 ||   163
  Block: Other             |     8 |    34 |    72 |    36 ||   150

Table legend: (Time is in decaauts)
 A = Elapsed time spent in this place.
 B = Non-inter-level travel time spent in this place.
 C = Inter-level travel time spent in this place.
 D = Time resting spent in this place.
 E = Time spent auto-exploring this place.
 F = Levels seen in this place.
 G = Mean time per level.
                   A        B        C        D        E       F      G
               +--------+--------+--------+--------+--------+-----+--------+
         Total |   7883 |   7471 |    412 |   1088 |   4799 |  11 |  716.6 |
       Dungeon |   7634 |   7222 |    412 |   1088 |   4657 |   9 |  848.2 |
        Temple |     89 |     89 |      0 |      0 |     46 |   1 |   89.0 |
        Bailey |    159 |    159 |      0 |      0 |     96 |   1 |  159.0 |
               +--------+--------+--------+--------+--------+-----+--------+

Top non-repeatable levels by time:
     D:7: 1204 daAuts
     D:2: 1100 daAuts
     D:5: 1093 daAuts
     D:3: 1019 daAuts
     D:8: 1009 daAuts
     D:4: 769 daAuts
     D:1: 634 daAuts
     D:6: 449 daAuts
     D:9: 353 daAuts
  Bailey: 159 daAuts
  Temple: 89 daAuts
